 Dungeon Crawl Stone Soup version 0.30-a0-779-g7971cf19c3 (webtiles) character file.

Game seed: 9292826169802132598

74 Firecrotchwizard the Chopper (level 4, 0/41 HPs)
             Began as a Hill Orc Monk on Feb 18, 2023.
             Slain by Grinder (4 damage)
             ... on level 3 of the Dungeon.
             The game lasted 00:04:26 (2158 turns).

Firecrotchwizard the Chopper (Hill Orc Monk)        Turns: 2158, Time: 00:04:26

Health: 0/41       AC:  4    Str: 15    XL:     4   Next: 30%
Magic:  4/4        EV: 12    Int: 10    God:
Gold:   139        SH:  0    Dex: 13    Spells: 3/3 levels left

rFire   . . .      SeeInvis .    r - +0 war axe
rCold   + . .      Faith    .    (no shield)
rNeg    . . .      Spirit   .    l - +0 leather armour
rPois   .          Reflect  .    k - +0 helmet
rElec   .          Harm     .    (no cloak)
rCorr   .          Rampage  .    (no gloves)
Will    .....                    (no boots)
Stlth   ++                       (no amulet)
HPRegen 0.26/turn                C - ring of protection from cold {rC+, !d}
MPRegen 0.09/turn                (no ring)

@: no status effects
A: no striking features
a: no special abilities


You were on level 3 of the Dungeon.
You visited 1 branch of the dungeon, and saw 3 of its levels.

You collected 139 gold pieces.

Inventory:

Hand Weapons
 a - a +0 hand axe
 r - a +0 war axe (weapon)
   (You took it off an orc on level 3 of the Dungeon)
Missiles
 q - 3 silver boomerangs
 s - 8 stones (quivered)
 t - 5 boomerangs
Armour
 b - a +0 robe
 k - a +0 helmet (worn)
   (You found it on level 2 of the Dungeon)
 l - a +0 leather armour (worn)
   (You found it on level 2 of the Dungeon)
Jewellery
 C - a ring of protection from cold (left hand) {rC+, !d}
   (You found it on level 3 of the Dungeon)
Scrolls
 c - 4 scrolls of identify {unknown}
 d - a scroll of poison {unknown}
 f - a scroll of fog {unknown}
 h - a scroll of immolation {unknown}
 i - a scroll of blinking {unknown}
 n - a scroll of magic mapping {unknown}
 o - a scroll of teleportation {unknown}
 u - a scroll of fear {unknown}
Potions
 e - a potion of brilliance {unknown}
 g - 2 potions of curing {unknown}
 j - 2 potions of cancellation {unknown}
 p - a potion of might {unknown}


   Skills:
 + Level 4.5 Fighting
 * Level 5.9 Axes
 - Level 2.4 Dodging
 - Level 1.5 Stealth


You had 3 spell levels left.
You didn't know any spells.
Your spell library contained the following spells:

 Spells                   Type           Power      Damage    Failure   Level
 Beastly Appendage        Tmut           0%         N/A       43%         1
 Wereblood                Tmut           0%         N/A       56%         2
 Spider Form              Tmut/Pois      0%         N/A       80%         3


Dungeon Overview and Level Annotations

Branches:
Dungeon (3/15)

Altars:
Fedhas

Annotations:
D:3 Grinder, Natasha


Message History

An orc comes into view. It is wielding a +0 short sword.
The orc shouts!
The orc barely misses you.
You barely miss the orc. The orc barely misses you.
You barely miss the orc. The orc hits you with a +0 short sword.
You take 3 damage, and have 38/41 hp.
You closely miss the orc. The orc closely misses you.
You hit the orc. The orc hits you with a +0 short sword.
The orc hits you but does no damage.
You hit the orc. The orc hits you with a +0 short sword.
You take 3 damage, and have 35/41 hp.
You closely miss the orc. The orc hits you with a +0 short sword.
You take 1 damage, and have 34/41 hp.
You hit the orc.
You kill the orc!
Things that are here:
a +0 short sword; a +0 leather armour; an orc corpse
t - 5 boomerangs
Things that are here:
a +0 short sword; a +0 leather armour; an orc corpse A hobgoblin comes into view.
Health restored: 41 You barely miss the hobgoblin.
The hobgoblin hits you.
You take 1 damage, and have 40/41 hp.
You hit the hobgoblin. The hobgoblin closely misses you.
The hobgoblin hits you.
You take 3 damage, and have 37/41 hp.
You barely miss the hobgoblin.
The hobgoblin hits you but does no damage.
You slash the hobgoblin!
You kill the hobgoblin!
You see here a hobgoblin corpse.
u - a scroll labelled KISMED YDAQIEK Health restored: 41 Grinder comes into view.
Grinder shouts!
You aren't carrying any items that you can evoke.
Unknown command.
Throw: 3 darts (poison)
Aim: Grinder (55% to hit)
You throw a poisoned dart.
The poisoned dart closely misses Grinder.
Grinder says, "There's only one good use for a tongue: cutting it out."
Grinder gestures at you.
You suddenly lose the ability to move!
You can move again.
Throw: 2 darts (poison)
Aim: Grinder (55% to hit)
You throw a poisoned dart. The poisoned dart hits Grinder.
Throw: dart (poison)
Aim: Grinder (55% to hit)
You throw a poisoned dart. The poisoned dart hits Grinder.
You slash Grinder! Grinder hits you.
You writhe in agony.
You take 8 damage, and have 33/41 hp.
You barely miss Grinder. Grinder hits you.
You writhe in agony.
You take 4 damage, and have 29/41 hp.
You slash Grinder! Grinder barely misses you. Grinder gestures at you.
You suddenly lose the ability to move!
Grinder hits you.
You writhe in agony.
Grinder hits you.
You writhe in agony.
Grinder blinks!
You can move again.
You take 16 damage, and have 13/41 hp.
MASSIVE DAMAGE!!
Really quaff
G - a potion of ambrosia {!q}?
You are confused.
You feel invigorated. Grinder gestures at you. Pain shoots through your body!
* * * LOW HITPOINT WARNING * * *
You take 7 damage, and have 6/41 hp.
You regained 4 hp, and now have 10/41 hp.
Grinder blinks!
You regained 4 hp, and now have 14/41 hp.
You regained 5 hp, and now have 19/41 hp.
You regained 6 hp, and now have 25/41 hp.
Grinder hits you.
You take 2 damage, and have 23/41 hp.
You bump into the rock wall.
Grinder hits you.
You writhe in agony.
You take 7 damage, and have 16/41 hp.
You hit Grinder but do no damage. Grinder gestures at you.
You suddenly lose the ability to move!
Grinder hits you!
You writhe in agony.
You feel less invigorated.
You feel less confused. Grinder gestures at you. Pain shoots through your body!
You can move again.
You take 3 damage, and have 13/41 hp.
You hit Grinder but do no damage. Grinder misses you.
You closely miss Grinder. Grinder hits you but does no damage.
You slash Grinder! Grinder hits you!
* * * LOW HITPOINT WARNING * * *
You take 7 damage, and have 7/41 hp.
You slash Grinder! Grinder hits you.
* * * LOW HITPOINT WARNING * * *
You writhe in agony.
You die...

.... +.........'.
..# #........>##
#.# ##.......## #.#
##.....## #(#
##...## ###(##
##'## #.(#.## #.#
#.###.# #.# #@5#.##
##.##
###.†######...####
#.....##.......).#
#.#.#.##.##...##.##
#.#.#.##.###.###...
#.#......# ### ####
#.....#### #######


You could see Grinder.

Vanquished Creatures
  An adder (D:2)
  3 dart slugs
  5 orcs (D:3)
  6 ball pythons
  8 bats
  3 endoplasms
  2 giant cockroaches
  4 goblins
  5 hobgoblins
  2 kobolds
  3 quokkas
  5 frilled lizards
  4 rats
51 creatures vanquished.

Vanquished Creatures (others)
  3 toadstools (D:1)
3 creatures vanquished.

Grand Total: 54 creatures vanquished

Notes
Turn   | Place    | Note
-------+----------+-------------------------------------------
     0 | D:1      | Firecrotchwizard the Hill Orc Monk began the quest for the
                  | Orb.
     0 | D:1      | Reached XP level 1. HP: 19/19 MP: 1/1
   139 | D:1      | Reached XP level 2. HP: 24/27 MP: 2/2
   152 | D:1      | Found a faded altar of an unknown god.
   296 | D:1      | Reached skill level 4 in Fighting
   519 | D:1      | Reached skill level 5 in Axes
   631 | D:1      | Reached XP level 3. HP: 33/33 MP: 3/3
  1002 | D:2      | Found a blossoming altar of Fedhas.
  1738 | D:3      | Reached XP level 4. HP: 41/41 MP: 4/4
  1939 | D:3      | Noticed Natasha
  2128 | D:3      | Noticed Grinder
  2135 | D:3      | Paralysed by Grinder for 2 turns
  2141 | D:3      | Paralysed by Grinder for 4 turns
  2145 | D:3      | HP: 6/41 [Grinder/nerve-wracking pain (11)]
  2152 | D:3      | Paralysed by Grinder for 3 turns
  2157 | D:3      | HP: 7/41 [Grinder (7)]
  2158 | D:3      | Slain by Grinder

Illustrated notes

Levels and vault maps discovered:
D:1:      amcnicky_arrival_underground_garden, layout_loops_ring,
          chequers_ecumenical_altar_island, hangedman_abyss_or_decor_stabs,
          minmay_gold_behind_fungi
D:2:      layout_basic, basic_altar
D:3:      layout_loops_corners, mainiacjoe_overflow_alcove_2,
          gammafunk_ghost_stat_death, minivault_27, uniq_natasha, uniq_grinder

Skill      XL: |  1  2 |
---------------+-------+-----
Fighting       | 4 |  4.5
Axes           | 5 |  5.9
Dodging        | |  2.4
Stealth        | |  1.5

Action                     |  1- 3 |  4- 6 || total
---------------------------+-------+-------++-------
  Melee: Hand axe          |   152 |    11 ||   163
         War axe           |       |    24 ||    24
  Throw: Dart              |       |     3 ||     3
    Use: Potion            |       |     1 ||     1
   Stab: Sleeping          |     4 |       ||     4
 Armour: Robe              |    25 |       ||    25
         Leather armour    |     8 |     6 ||    14
  Dodge: Dodged            |   100 |    20 ||   120

Table legend: (Time is in decaauts)
 A = Elapsed time spent in this place.
 B = Non-inter-level travel time spent in this place.
 C = Inter-level travel time spent in this place.
 D = Time resting spent in this place.
 E = Time spent auto-exploring this place.
 F = Levels seen in this place.
 G = Mean time per level.
                   A        B        C        D        E       F      G
               +--------+--------+--------+--------+--------+-----+--------+
         Total |   2178 |   2128 |     50 |     72 |   1585 |   3 |  726.0 |
       Dungeon |   2178 |   2128 |     50 |     72 |   1585 |   3 |  726.0 |
               +--------+--------+--------+--------+--------+-----+--------+

Top non-repeatable levels by time:
     D:1: 878 daAuts
     D:2: 847 daAuts
     D:3: 452 daAuts

Table legend:
 A = Kills in this place as a percentage of kills in entire the game.
 B = Kills by you in this place as a percentage of kills by you in the entire game.
 C = Kills by friends in this place as a percentage of kills by friends in the entire game.
 D = Other kills in this place as a percentage of other kills in the entire game.
 E = Experience gained in this place as a percentage of experience gained in the entire game.
 F = Experience gained in this place divided by the number of levels of this place that you have seen.
                   A       B       C       D       E      F
               +-------+-------+-------+-------+-------+----------------------
         Total | 100.0 | 100.0 |   N/A |   N/A | 100.0 |  35.7
       Dungeon | 100.0 | 100.0 |   N/A |   N/A | 100.0 |  35.7
               +-------+-------+-------+-------+-------+----------------------
